[Event "Titled Tuesday Blitz April 26 Late 2022"]
[White "Salimova, Nurgyul"]
[Black "Mardov, Dimitar"]
[WhiteFideId "2915138"]
[BlackFideId "30919495"]
[WhiteElo "2185"]
[BlackElo "2185"]
[Result "0-1"]
[Round "06"]
[TimeControl "180+1"]
[Date "2022.04.26"]
[WhiteClock "0:00:04"]
[BlackClock "0:00:03"]

1. d4 Nf6 2. c4 e6 3. Nf3 Bb4+ 4. Nbd2 O-O 5. g3 d5 6. Bg2 dxc4 7. O-O c3 8. bxc3 Bxc3 9. Rb1 Nc6 10. e3 e5 11. Nxe5 Nxe5 12. dxe5 Bxe5 13. Nc4 Qe7 14. Ba3 c5 15. Rb5 Nd7 16. Bxb7 Rb8 17. Bxc8 Rfxc8 18. Rxb8 Bxb8 19. Qg4 Qe6 20. Qxe6 fxe6 21. Rb1 Kf7 22. Rb7 Ke8 23. f4 Rc7 24. Rb1 Rc6 25. Rb7 Ra6 26. Bb2 g6 27. a3 Kd8 28. Kf2 Kc8 29. Rb3 Ra4 30. Rc3 Nb6 31. Nd2 Bd6 32. e4 Be7 33. Ke3 Kb7 34. Rc2 Kc6 35. g4 c4 36. f5 gxf5 37. gxf5 exf5 38. exf5 Nd5+ 39. Kf3 Kb5 40. Ne4 Bxa3 41. Bxa3 Rxa3+ 42. Kf2 Ra6 43. Rb2+ Kc6 44. f6 Nxf6 45. Nxf6 Kc5 46. Ne4+ Kd4 47. Re2 c3 48. Nxc3 Kxc3 49. Re7 h6 50. Rc7+ Kd4 51. h4 Ke4 52. h5 Kf5 53. Rc5+ Kg4 54. Ke3 Ra3+ 55. Ke4 a5 56. Rb5 a4 57. Ra5 Ra1 58. Kd3 a3 59. Kc2 a2 60. Kb2 Rh1 61. Kxa2 Rxh5 62. Ra8 Rb5 63. Ka3 h5 64. Ka4 Rb1 65. Rg8+ Kh3 66. Ka3 h4 67. Rg1 Rxg1 0-1


[Site "https://www.chess.com"]

[Event "Titled Tuesday Blitz April 26 Late 2022"]
[White "Sarana, Alexey"]
[Black "Suleymanli, Aydin"]
[WhiteFideId "24133795"]
[BlackFideId "13413937"]
[WhiteElo "2666"]
[BlackElo "2481"]
[Result "1-0"]
[Round "06"]
[TimeControl "180+1"]
[Date "2022.04.26"]
[WhiteClock "0:00:10"]
[BlackClock "0:00:03"]

1. d4 Nf6 2. c4 e6 3. Nc3 d5 4. e3 a6 5. Nf3 c5 6. cxd5 exd5 7. dxc5 Bxc5 8. Bd3 Nc6 9. O-O Bg4 10. h3 Bh5 11. Be2 O-O 12. b3 Re8 13. Bb2 Ba7 14. Rc1 Qd6 15. Qd2 Rad8 16. Rfd1 Bb8 17. g4 Bg6 18. Qe1 d4 19. Na4 d3 20. Nc5 Qe7 21. Nxd3 Nd5 22. Bf1 Be4 23. Nd4 Qd6 24. f4 Bxd3 25. Nxc6 Rxe3 26. Qxe3 Nxe3 27. Rxd3 Qxd3 28. Bxd3 bxc6 29. Rxc6 Bxf4 30. Bxa6 h5 31. Rc8 Rxc8 32. Bxc8 hxg4 33. hxg4 Nd1 34. Bd4 Bd2 35. a4 Ne3 36. Kf2 Nc2 37. Bb2 Bb4 38. Ke2 Be7 39. Kd3 Nb4+ 40. Kc4 Nc6 41. Bc3 Bd8 42. b4 Bc7 43. b5 Na5+ 44. Kc5 Nb3+ 45. Kc6 Ba5 46. Bxa5 1-0


[Site "https://www.chess.com"]

[Event "Titled Tuesday Blitz April 26 Late 2022"]
[White "Sarkar, Justin"]
[Black "Nazaretyan, Tigran"]
[WhiteFideId "2010011"]
[BlackFideId "24162345"]
[WhiteElo "2038"]
[BlackElo "2225"]
[Result "0-1"]
[Round "06"]
[TimeControl "180+1"]
[Date "2022.04.26"]
[WhiteClock "0:00:01"]
[BlackClock "0:01:06"]

1. e4 c5 2. Nf3 Nc6 3. Nc3 d6 4. d4 cxd4 5. Nxd4 Nf6 6. Bg5 e6 7. Qd2 a6 8. O-O-O Bd7 9. f4 h6 10. Bh4 g5 11. fxg5 Ng4 12. Be2 Nge5 13. Rhf1 Be7 14. Nf3 hxg5 15. Bg3 Nxf3 16. gxf3 Ne5 17. Kb1 Qc7 18. h4 gxh4 19. Bh2 O-O-O 20. f4 Nc4 21. Qd4 Na5 22. f5 Nc6 23. Qg7 Ne5 24. Bxe5 dxe5 25. f6 Bb4 26. Qxf7 Bxc3 27. bxc3 h3 28. Qe7 Rde8 29. Qd6 Qxd6 30. Rxd6 h2 31. Rdd1 Bc6 32. Bd3 Ref8 33. Kb2 Rh6 34. f7 Rh7 35. Rh1 Rfxf7 36. Rd2 Rf4 37. Rdxh2 Rxh2 38. Rxh2 Bxe4 39. Bxe4 Rxe4 40. Rh7 Rc4 41. Re7 Rc6 42. Kb3 b5 43. a3 Kd8 44. Rh7 Rc7 45. Rh6 Ke7 46. a4 Kd6 47. axb5 axb5 48. Kb4 Rc4+ 49. Kxb5 Rxc3 0-1


[Site "https://www.chess.com"]

[Event "Titled Tuesday Blitz April 26 Late 2022"]
[White "Sevian, Samuel"]
[Black "Shimanov, Aleksandr"]
[WhiteFideId "2040506"]
[BlackFideId "4198603"]
[WhiteElo "2698"]
[BlackElo "2636"]
[Result "1-0"]
[Round "06"]
[TimeControl "180+1"]
[Date "2022.04.26"]
[WhiteClock "0:01:01"]
[BlackClock "0:00:10"]

1. b3 e5 2. Bb2 Nc6 3. Nf3 e4 4. Nd4 Nxd4 5. Bxd4 Ne7 6. Bb2 Nc6 7. c4 d5 8. cxd5 Qxd5 9. Nc3 Qe6 10. Qb1 f5 11. g4 fxg4 12. Bg2 Bd7 13. Nxe4 O-O-O 14. O-O h5 15. d4 h4 16. Rd1 Qf5 17. d5 Ne5 18. d6 Bc6 19. dxc7 Rxd1+ 20. Qxd1 Kxc7 21. Rc1 Be7 22. Qd4 Nd7 23. Qxa7 Rh6 24. Bc3 Re6 25. Ba5+ Kc8 26. b4 Rxe4 27. Rxc6+ 1-0


[Site "https://www.chess.com"]

[Event "Titled Tuesday Blitz April 26 Late 2022"]
[White "Shirov, Alexei"]
[Black "Melkumyan, Hrant"]
[WhiteFideId "2209390"]
[BlackFideId "13302485"]
[WhiteElo "2678"]
[BlackElo "2604"]
[Result "0-1"]
[Round "06"]
[TimeControl "180+1"]
[Date "2022.04.26"]
[WhiteClock "0:00:39"]
[BlackClock "0:00:33"]

1. e4 c6 2. d4 d5 3. e5 Bf5 4. Nf3 e6 5. Be2 Ne7 6. O-O Bg6 7. Nbd2 Nf5 8. g4 Ne7 9. Nh4 h5 10. Nxg6 Nxg6 11. gxh5 Nf4 12. Bg4 Qh4 13. f3 Nxh5 14. Qe1 Qxe1 15. Rxe1 c5 16. Nb3 cxd4 17. Nxd4 Nc6 18. Nxc6 bxc6 19. Be3 Bb4 20. Rec1 Ba5 21. c4 Bb6 22. Bxb6 axb6 23. cxd5 cxd5 24. Rc6 Nf4 25. a4 Nd3 26. Rxb6 Nxe5 27. a5 Nc4 28. Rb7 Nd6 29. Rc7 f5 30. Re1 Rh6 31. Bh5+ Kf8 32. Rd7 Nb5 33. Rf7+ Kg8 34. Rb7 Nd4 35. Rb4 Nc2 0-1


[Site "https://www.chess.com"]

[Event "Titled Tuesday Blitz April 26 Late 2022"]
[White "Sliwicka, Alicja"]
[Black "Zlatin, Alexander"]
[WhiteFideId "1150677"]
[BlackFideId "2810549"]
[WhiteElo "2120"]
[BlackElo "2228"]
[Result "1-0"]
[Round "06"]
[TimeControl "180+1"]
[Date "2022.04.26"]
[WhiteClock "0:00:18"]
[BlackClock "0:00:01"]

1. e4 e5 2. Nf3 Nc6 3. Nc3 Nf6 4. a3 d6 5. d4 exd4 6. Nxd4 Be7 7. Nxc6 bxc6 8. Bd3 O-O 9. O-O Bd7 10. f4 d5 11. e5 Bc5+ 12. Kh1 Ng4 13. Qf3 Qh4 14. h3 Nf2+ 15. Kh2 Ng4+ 16. Kh1 Rab8 17. Na4 Nf2+ 18. Kh2 Nxd3 19. Qxd3 Be7 20. Be3 f6 21. Nc5 Bc8 22. e6 f5 23. Bd4 Re8 24. Rae1 g6 25. g3 Qh6 26. Nd7 Rb7 27. Bf6 a5 28. Qd4 c5 29. Nxc5 Rb6 30. Nd7 Rd6 31. Bxe7 Rxe7 32. Qf6 Qg7 33. Qxg7+ Kxg7 34. Nc5 Kf6 35. Rd1 Rc6 36. b4 axb4 37. axb4 Bxe6 38. Rfe1 Bf7 39. Kg2 Rb6 40. c3 Rb8 41. Kf3 Rbe8 42. Rxe7 Rxe7 43. Ra1 c6 44. Ra6 g5 45. Rxc6+ Kg7 46. fxg5 Bh5+ 47. g4 fxg4+ 48. hxg4 Bg6 49. Ne6+ Kf7 50. Nf4 Be4+ 51. Kg3 Kg7 52. Ne6+ Kf7 53. Nd4 Bg6 54. Nf5 Re4 55. Nd6+ Ke7 56. Nxe4 Bxe4 57. Kf4 Kd7 58. Rh6 Bc2 59. Ke5 Be4 60. Kd4 Kc7 61. Rf6 Kd7 62. c4 Bf3 63. c5 Bxg4 64. Kxd5 Bh5 65. Kd4 Kc7 66. b5 Bg4 67. b6+ Kb7 68. Rf7+ Ka6 69. Rxh7 Kb5 70. b7 Kc6 71. b8=Q 1-0


[Site "https://www.chess.com"]

[Event "Titled Tuesday Blitz April 26 Late 2022"]
[White "Smail, Benedict"]
[Black "Kamsky, Gata"]
[WhiteFideId "2050480"]
[BlackFideId "2000024"]
[WhiteElo "2070"]
[BlackElo "2645"]
[Result "0-1"]
[Round "06"]
[TimeControl "180+1"]
[Date "2022.04.26"]
[WhiteClock "0:00:06"]
[BlackClock "0:01:10"]

1. d4 f5 2. g3 Nf6 3. Bg2 g6 4. Nf3 Bg7 5. O-O d6 6. c4 O-O 7. Nc3 c6 8. Bf4 a5 9. Rc1 Na6 10. a3 Bd7 11. Qc2 b5 12. cxb5 cxb5 13. Nxb5 h6 14. Nc3 Nc7 15. h4 Rb8 16. e4 fxe4 17. Nxe4 Nxe4 18. Qxe4 Bf5 19. Qc6 Ne6 20. Be3 Rxb2 21. d5 Nc5 22. Bd4 Rb6 23. Rxc5 Rxc6 24. Rxc6 Be4 25. Bxg7 Kxg7 26. Nd2 Bxg2 27. Kxg2 Qd7 28. Rfc1 Qf5 29. f3 Qxd5 30. Ne4 Qa2+ 31. R1c2 Qxa3 32. Rc7 Qxf3+ 0-1


[Site "https://www.chess.com"]

[Event "Titled Tuesday Blitz April 26 Late 2022"]
[White "Song, Michael"]
[Black "Lin, Dachey"]
[WhiteFideId "2613190"]
[BlackFideId "2029650"]
[WhiteElo "2274"]
[BlackElo "2313"]
[Result "0-1"]
[Round "06"]
[TimeControl "180+1"]
[Date "2022.04.26"]
[WhiteClock "0:00:12"]
[BlackClock "0:00:11"]

1. e4 g6 2. d4 Bg7 3. Nc3 d5 4. exd5 Nf6 5. h4 Nxd5 6. h5 Nc6 7. h6 Bxd4 8. Nb5 Bb6 9. Bc4 Be6 10. Nf3 a6 11. Nbd4 Bg4 12. Nxc6 bxc6 13. Qe2 Qd6 14. c3 O-O 15. Qe5 f6 16. Qxd6 cxd6 17. Nd4 Bxd4 18. cxd4 Be6 19. Bd2 Nc7 20. Rc1 Rfc8 21. Ba5 Bxc4 22. Rxc4 Ne6 23. Kd2 Kf7 24. Rhc1 c5 25. d5 Nd4 26. b4 Nf5 27. bxc5 Rxc5 28. Rxc5 dxc5 29. Rxc5 Nxh6 30. Rc7 Rd8 31. Rc5 Rd7 32. Kc3 Ng4 33. f3 Ne3 34. Kd4 Nxg2 35. Bd2 Nh4 36. Ke4 Nf5 37. Rc6 Nd6+ 38. Kd4 a5 39. a4 h5 40. Kc5 h4 41. Bf4 Nf5 42. Rc7 Ke8 43. Kc6 Rd8 44. Ra7 g5 45. Bc7 Rc8 46. Kb7 Kd7 47. Kb6 Nd6 48. Bxd6+ Kxd6 49. Kxa5 Rc5+ 50. Kb4 Rxd5 51. Ra8 h3 52. Rh8 Rd4+ 53. Ka5 Rh4 54. Rd8+ Ke5 55. Rd1 Kf4 56. Rh1 Kxf3 57. Kb6 Kg2 58. a5 Kxh1 0-1


[Site "https://www.chess.com"]

[Event "Titled Tuesday Blitz April 26 Late 2022"]
[White "Spata, German"]
[Black "Kozak, Adam"]
[WhiteFideId "113026"]
[BlackFideId "753246"]
[WhiteElo "2238"]
[BlackElo "2459"]
[Result "0-1"]
[Round "06"]
[TimeControl "180+1"]
[Date "2022.04.26"]
[WhiteClock "0:00:02"]
[BlackClock "0:00:24"]

1. Nf3 c5 2. e3 d5 3. b3 Nc6 4. Bb2 Nf6 5. Bb5 Bd7 6. O-O g6 7. d3 Bg7 8. Bxc6 Bxc6 9. Ne5 Qc7 10. Nd2 O-O 11. Nxc6 Qxc6 12. Nf3 Qc7 13. Be5 Qc8 14. Qe2 b6 15. Rad1 Qe6 16. c4 Rad8 17. Qb2 Rfe8 18. h3 h6 19. Rfe1 Rd7 20. Rd2 Red8 21. Red1 Nh5 22. Bxg7 Nxg7 23. cxd5 Rxd5 24. d4 Qf6 25. Qc2 Rc8 26. Qb2 Ne6 27. Qb1 Kg7 28. Qe4 Rcd8 29. dxc5 Rxd2 30. Rxd2 Nxc5 31. Qc2 Rxd2 32. Qxd2 e5 33. Qd5 e4 34. Nd4 Nd3 35. Qxe4 Qxf2+ 36. Kh2 Nc5 37. Qe5+ Qf6 38. Qxf6+ Kxf6 39. Kg3 a5 40. Kf4 h5 41. e4 Nd3+ 42. Ke3 Nb4 43. a4 Ke5 44. Nf3+ Kd6 45. Ng5 f6 46. Nf3 Na6 47. Kd4 Nc5 48. Nd2 h4 49. Kc4 Ne6 50. Nf3 g5 51. Kb5 Kc7 52. e5 f5 53. Kc4 Kd7 54. Kd5 Nf4+ 55. Kd4 Ne6+ 56. Kd5 Nf4+ 57. Kd4 Nxg2 58. Nxg5 Nf4 59. e6+ Nxe6+ 60. Nxe6 Kxe6 61. Ke3 Ke5 62. Kf3 f4 63. Kg4 Ke4 64. Kxh4 f3 0-1


[Site "https://www.chess.com"]

[Event "Titled Tuesday Blitz April 26 Late 2022"]
[White "Stanisz, Patryk"]
[Black "Gnechko, Ruslan"]
[WhiteFideId "1123106"]
[BlackFideId "14135868"]
[WhiteElo "1833"]
[BlackElo "2289"]
[Result "1/2-1/2"]
[Round "06"]
[TimeControl "180+1"]
[Date "2022.04.26"]
[WhiteClock "0:00:31"]
[BlackClock "0:00:16"]

1. Nf3 d5 2. c4 c6 3. e3 Nf6 4. b3 e6 5. Bb2 Bd6 6. d4 O-O 7. Nbd2 Nbd7 8. Ne5 Ne4 9. Nxe4 dxe4 10. Qc2 Nxe5 11. dxe5 Bb4+ 12. Bc3 Qa5 13. Bxb4 Qxb4+ 14. Qd2 Qxd2+ 15. Kxd2 Rd8+ 16. Kc3 c5 17. Be2 b6 18. Rhd1 Bb7 19. Rxd8+ Rxd8 20. Rd1 Rxd1 21. Bxd1 Kf8 22. Bc2 Ke7 23. Kd2 a5 24. Ke2 h6 25. f4 exf3+ 26. gxf3 f6 27. exf6+ Kxf6 28. Kf2 g5 29. Kg3 h5 30. f4 e5 31. fxg5+ Kxg5 32. h4+ Kf6 33. Bd1 Kg6 34. Bc2+ Kf6 35. e4 Bc8 36. Bd1 Kg6 37. Kf2 Be6 38. Ke3 a4 39. Kd3 Bg4 40. Bc2 axb3 41. axb3 Kf6 42. Kc3 Ke7 43. b4 Kd6 44. b5 Bf3 45. Kd2 Ke6 46. Ke3 Bg4 47. Bd3 Kf6 48. Be2 Bxe2 49. Kxe2 Kg6 1/2-1/2


[Site "https://www.chess.com"]

[Event "Titled Tuesday Blitz April 26 Late 2022"]
[White "Stevens, Christian"]
[Black "Li, Ben"]
[WhiteFideId "2604450"]
[BlackFideId "2089980"]
[WhiteElo "2570"]
[BlackElo "2267"]
[Result "0-1"]
[Round "06"]
[TimeControl "180+1"]
[Date "2022.04.26"]
[WhiteClock "0:00:01"]
[BlackClock "0:00:42"]

1. Nf3 d5 2. e3 Nf6 3. c4 e6 4. Nc3 a6 5. d4 dxc4 6. Bxc4 b5 7. Bb3 Bb7 8. O-O c5 9. Qe2 Nbd7 10. Rd1 cxd4 11. exd4 b4 12. d5 bxc3 13. dxe6 fxe6 14. Ng5 Qb6 15. Nxe6 Be7 16. Nxg7+ Kd8 17. Ne6+ Kc8 18. Qc4+ Qc6 19. Qxc6+ Bxc6 20. Nd4 Bb7 21. bxc3 Kb8 22. Bf4+ Ka7 23. Ne6 Rac8 24. Rab1 Rhg8 25. g3 Rg6 26. Ba4 Nc5 27. Be3 Ka8 28. Bxc5 Bxc5 29. Nxc5 Rxc5 30. Rd8+ Ka7 31. Bc2 Rg7 32. Rd6 Nd5 33. Be4 Nxc3 34. Rxb7+ Rxb7 35. Bxb7 Kxb7 36. Rh6 Rc7 37. a3 Nb1 38. a4 Nc3 39. a5 Nd5 40. h4 Nb4 41. h5 Nc6 42. Rf6 Nxa5 43. g4 Rg7 44. f3 Nc6 45. Kf2 a5 0-1


[Site "https://www.chess.com"]

[Event "Titled Tuesday Blitz April 26 Late 2022"]
[White "Svane, Rasmus"]
[Black "Svane, Frederik"]
[WhiteFideId "4657101"]
[BlackFideId "12923044"]
[WhiteElo "2645"]
[BlackElo "2459"]
[Result "1-0"]
[Round "06"]
[TimeControl "180+1"]
[Date "2022.04.26"]
[WhiteClock "0:00:15"]
[BlackClock "0:00:09"]

1. Nf3 d5 2. g3 b6 3. Bg2 Bb7 4. O-O e6 5. d4 Nf6 6. Ne5 Qc8 7. Bg5 Be7 8. Nd2 O-O 9. Rc1 c5 10. dxc5 h6 11. Bxf6 Bxf6 12. Nd3 bxc5 13. c4 d4 14. Bxb7 Qxb7 15. Nb3 Na6 16. Ndxc5 Nxc5 17. Nxc5 Qxb2 18. Qc2 Qxc2 19. Rxc2 Rfc8 20. Nd3 Rc6 21. f4 Re8 22. Rb1 Re7 23. Kf2 g5 24. Rb5 Kg7 25. Kf3 Kg6 26. Nb4 Rb6 27. a4 Reb7 28. Nd3 a6 29. Rxb6 Rxb6 30. c5 Rb8 31. c6 Rc8 32. Ke4 Bd8 33. Ne5+ Kf6 34. Kxd4 Bb6+ 35. Ke4 Ke7 36. Rb2 Bc7 37. Nc4 Rb8 38. Rxb8 Bxb8 39. fxg5 hxg5 40. h4 Bxg3 41. hxg5 Bh4 42. Ne5 Kd6 43. Nxf7+ Kxc6 44. Ke5 Kd7 45. Kf6 a5 46. Ne5+ Kd6 47. Nc4+ Kc5 48. Nxa5 Kb4 49. Nb7 Kxa4 50. Nc5+ Kb5 51. Nxe6 Kc4 52. Kf5 1-0


[Site "https://www.chess.com"]

[Event "Titled Tuesday Blitz April 26 Late 2022"]
[White "Szpar, Milosz"]
[Black "Sanal, Vahap"]
[WhiteFideId "1184989"]
[BlackFideId "6300545"]
[WhiteElo "2447"]
[BlackElo "2603"]
[Result "0-1"]
[Round "06"]
[TimeControl "180+1"]
[Date "2022.04.26"]
[WhiteClock "0:00:01"]
[BlackClock "0:00:03"]

1. e4 d6 2. d4 Nf6 3. Bd3 e5 4. c3 Nbd7 5. Nf3 g6 6. O-O Bg7 7. Re1 O-O 8. h3 Re8 9. Nbd2 b6 10. Nf1 Bb7 11. Ng3 d5 12. dxe5 Nxe5 13. Nxe5 Rxe5 14. f4 Re8 15. e5 Nd7 16. Be3 f6 17. e6 Rxe6 18. f5 Rxe3 19. Rxe3 Ne5 20. Qc2 g5 21. Rd1 Qd6 22. Qf2 c5 23. Bc2 Rd8 24. Ree1 Bf8 25. h4 gxh4 26. Nh5 Bh6 27. Qxh4 Bg5 28. Qh3 b5 29. Ng3 Qc7 30. Nh1 Kh8 31. Nf2 Rg8 32. Kf1 a5 33. a3 Qg7 34. a4 b4 35. cxb4 axb4 36. a5 c4 37. Ba4 b3 38. Bb5 Qc7 39. a6 Ba8 40. Ng4 Qb6 41. Nxe5 fxe5 42. Bd7 Qxa6 43. Kg1 Qb6+ 44. Kh1 Bf6 45. Be6 d4 46. Bxg8 Kxg8 47. Qg4+ Kh8 48. Rf1 Bd5 49. Ra1 c3 50. Qh5 Qc7 51. Ra6 Qe7 52. Rxf6 Qxf6 53. Qe8+ Bg8 54. bxc3 dxc3 55. Qb8 b2 56. Qb4 e4 57. Kg1 e3 58. Qd6 Qxd6 0-1


[Site "https://www.chess.com"]

[Event "Titled Tuesday Blitz April 26 Late 2022"]
[White "Tregubov, Pavel V."]
[Black "Gutierrez Olivares, Daniel"]
[WhiteFideId "4115341"]
[BlackFideId "2264005"]
[WhiteElo "2341"]
[BlackElo "2317"]
[Result "1-0"]
[Round "06"]
[TimeControl "180+1"]
[Date "2022.04.26"]
[WhiteClock "0:00:48"]
[BlackClock "0:00:13"]

1. e4 e6 2. d4 d5 3. exd5 exd5 4. Nf3 Ne7 5. Bd3 Nbc6 6. O-O Bg4 7. c3 f6 8. Nbd2 Qd7 9. b4 a6 10. Re1 g6 11. h3 Bf5 12. Nb3 b6 13. b5 axb5 14. Bxb5 Kf7 15. a4 Nc8 16. c4 Be6 17. Rxe6 Qxe6 18. cxd5 Qxd5 19. Qc2 Nb4 20. Qxc7+ Ne7 21. Bc4 Rc8 22. Bxd5+ Nxd5 23. Qb7 Rc7 24. Qa6 Nb4 25. Qb5 Ned5 26. Bd2 Nc2 27. Rc1 Ba3 28. Rb1 Rd8 29. a5 bxa5 30. Bxa5 1-0


[Site "https://www.chess.com"]

[Event "Titled Tuesday Blitz April 26 Late 2022"]
[White "Vega Gutierrez, Sabrina"]
[Black "Maltsevskaya, Aleksandra"]
[WhiteFideId "2219026"]
[BlackFideId "24174041"]
[WhiteElo "2286"]
[BlackElo "2235"]
[Result "0-1"]
[Round "06"]
[TimeControl "180+1"]
[Date "2022.04.26"]
[WhiteClock "0:00:02"]
[BlackClock "0:00:23"]

1. e4 c5 2. Nf3 e6 3. d4 cxd4 4. Nxd4 Nf6 5. Nc3 Nc6 6. Nxc6 bxc6 7. e5 Nd5 8. Ne4 Qc7 9. f4 Qb6 10. c4 Bb4+ 11. Ke2 f5 12. Nf2 Ne7 13. Be3 Bc5 14. Bxc5 Qxc5 15. Kf3 g5 16. Qd6 Qb6 17. Nd3 Ng6 18. fxg5 a5 19. h4 Ba6 20. h5 Ne7 21. b3 a4 22. Nc5 Bc8 23. Bd3 Rg8 24. g6 hxg6 25. hxg6 Ra5 26. Rh7 Nxg6 27. Nxd7 Nh4+ 28. Rxh4 Bxd7 29. Rh7 Ra7 30. Rah1 Qd8 31. R1h6 axb3 32. Rxe6+ Bxe6 33. Qxe6+ Kf8 34. Qxf5+ Ke8 35. Qe6+ Kf8 36. Qf5+ Ke8 37. Rxa7 Rf8 38. Kg4 Qd4+ 39. Kg5 Rxf5+ 40. Bxf5 Qxa7 0-1


[Site "https://www.chess.com"]

[Event "Titled Tuesday Blitz April 26 Late 2022"]
[White "Veiga, Emerson de Sousa"]
[Black "Torres Cueto, Jesus Marcial"]
[WhiteFideId "2151898"]
[BlackFideId "4415280"]
[WhiteElo "2034"]
[BlackElo "2055"]
[Result "1-0"]
[Round "06"]
[TimeControl "180+1"]
[Date "2022.04.26"]
[WhiteClock "0:00:58"]
[BlackClock "0:00:49"]

1. e4 e6 2. d4 d5 3. Nc3 Bb4 4. Ne2 dxe4 5. a3 Be7 6. Nxe4 Nd7 7. Bf4 Ngf6 8. Nxf6+ Nxf6 9. Qd2 O-O 10. O-O-O b6 11. Ng3 Bb7 12. Bd3 Bxg2 13. Rhg1 Bf3 14. Rde1 Nd5 15. Kb1 g6 16. h4 Bxh4 17. Bh6 Re8 18. c4 Bf6 19. cxd5 exd5 20. Qf4 Be4 21. Bxe4 dxe4 22. Nxe4 Bxd4 23. Rd1 c5 24. Nd6 Re7 25. Rxd4 cxd4 26. Qxd4 f6 27. Qd5+ Kh8 28. Nf7+ Rxf7 29. Qxf7 Qd3+ 30. Ka1 Rg8 31. Qxf6+ 1-0


[Site "https://www.chess.com"]

[Event "Titled Tuesday Blitz April 26 Late 2022"]
[White "Vidonyak, Roman"]
[Black "Baches Garcia, Guillermo"]
[WhiteFideId "14100622"]
[BlackFideId "2209764"]
[WhiteElo "2389"]
[BlackElo "2521"]
[Result "1-0"]
[Round "06"]
[TimeControl "180+1"]
[Date "2022.04.26"]
[WhiteClock "0:00:03"]
[BlackClock "0:00:07"]

1. d4 Nf6 2. c4 e6 3. Nc3 d5 4. cxd5 Nxd5 5. e4 Nxc3 6. bxc3 c5 7. a3 cxd4 8. cxd4 e5 9. Bb5+ Bd7 10. Bxd7+ Nxd7 11. Nf3 Bd6 12. O-O O-O 13. d5 Rc8 14. Bb2 Qe7 15. Qa4 a6 16. Nd2 b5 17. Qb3 Nc5 18. Qe3 Na4 19. Qb3 Rc7 20. Rac1 Rfc8 21. Rxc7 Qxc7 22. Ba1 Qc2 23. Qe3 Qc5 24. Qf3 g6 25. g3 Qc2 26. Qe3 Bc5 27. Qe2 Bd4 28. Bxd4 exd4 29. Qe1 Nc3 30. d6 Rd8 31. e5 Qf5 32. f4 d3 33. Qe3 h5 34. Qb6 Rc8 35. Qb7 Ne2+ 36. Kf2 Rc2 37. Qb8+ Kg7 38. Rd1 Nc3 39. Qb6 Nxd1+ 40. Ke1 Nc3 41. Qd4 Nb1 42. Kf2 Rxd2+ 43. Kg1 Qd7 44. e6+ f6 45. exd7 Rd1+ 46. Kg2 d2 47. d8=Q Nc3 48. Q8xf6+ 1-0


[Site "https://www.chess.com"]

[Event "Titled Tuesday Blitz April 26 Late 2022"]
[White "Vovk, Orest"]
[Black "Kostiukov, Alexandr"]
[WhiteFideId "14113490"]
[BlackFideId "14108100"]
[WhiteElo "2203"]
[BlackElo "2202"]
[Result "1-0"]
[Round "06"]
[TimeControl "180+1"]
[Date "2022.04.26"]
[WhiteClock "0:01:22"]
[BlackClock "0:00:19"]

1. h4 h5 2. Nf3 c5 3. Ng5 Nc6 4. Nc3 g6 5. e4 Bg7 6. Bc4 e6 7. d3 Nge7 8. a3 O-O 9. f4 d5 10. Ba2 dxe4 11. dxe4 Qxd1+ 12. Nxd1 Nd4 13. Ne3 b6 14. c3 Ndc6 15. Bd2 Bb7 16. O-O-O Rad8 17. Nc4 b5 18. Ne3 Bf6 19. g4 Bxg5 20. hxg5 hxg4 21. Nxg4 Kg7 22. Nf6 Rh8 23. Be3 c4 24. Bb1 Rxh1 25. Rxh1 Rh8 26. Rxh8 Kxh8 27. Bc5 Ng8 28. Ne8 Bc8 29. Nd6 Ba6 30. Nxf7+ Kg7 31. Nd6 e5 32. f5 gxf5 33. exf5 1-0


[Site "https://www.chess.com"]

[Event "Titled Tuesday Blitz April 26 Late 2022"]
[White "Vujic, Mihailo"]
[Black "Petrova, Irina"]
[WhiteFideId "918873"]
[BlackFideId "14124122"]
[WhiteElo "2256"]
[BlackElo "1993"]
[Result "1-0"]
[Round "06"]
[TimeControl "180+1"]
[Date "2022.04.26"]
[WhiteClock "0:00:26"]
[BlackClock "0:00:34"]

1. e4 c5 2. c3 Nf6 3. e5 Nd5 4. Nf3 Nc6 5. d4 cxd4 6. cxd4 d6 7. Bc4 Nb6 8. Bb3 d5 9. Nh4 e6 10. Nf3 Be7 11. Nc3 O-O 12. Bc2 f5 13. exf6 Bxf6 14. h4 e5 15. dxe5 Nxe5 16. Nxe5 Bxe5 17. Qh5 Bxc3+ 18. bxc3 Qe8+ 19. Qxe8 Rxe8+ 20. Be3 Nc4 21. Bb3 Nxe3 22. fxe3 Rxe3+ 23. Kd2 Re8 24. Rae1 Be6 25. Re5 Bf7 26. Rhe1 Kf8 27. Kd3 Rac8 28. Rxe8+ Rxe8 29. Rxe8+ Kxe8 30. Kd4 Ke7 31. Bxd5 Bxd5 32. Kxd5 Kd7 33. h5 Ke7 34. c4 Kd7 35. g4 h6 36. Ke5 Ke7 37. Kf5 Kf7 38. c5 a6 39. a3 a5 40. a4 Ke7 41. Ke5 Kd7 42. Kd5 Kc7 43. Ke6 Kc6 44. Kf7 Kxc5 45. Kxg7 b5 46. g5 bxa4 47. Kxh6 a3 48. g6 a2 49. g7 a1=Q 50. g8=Q Qc1+ 51. Qg5+ Qxg5+ 52. Kxg5 a4 53. h6 a3 54. h7 a2 55. h8=Q Kb4 56. Qb2+ 1-0


[Site "https://www.chess.com"]

[Event "Titled Tuesday Blitz April 26 Late 2022"]
[White "Ward, Ieuan C"]
[Black "Hardaway, Brewington"]
[WhiteFideId "406627"]
[BlackFideId "30941849"]
[WhiteElo "2320"]
[BlackElo "1768"]
[Result "0-1"]
[Round "06"]
[TimeControl "180+1"]
[Date "2022.04.26"]
[WhiteClock "0:00:20"]
[BlackClock "0:01:24"]

1. e4 c5 2. Nf3 e6 3. d4 cxd4 4. c3 dxc3 5. Nxc3 a6 6. Bc4 Qc7 7. Qe2 Nc6 8. O-O Nf6 9. e5 Ng4 10. Bf4 Nh6 11. Ne4 Nf5 12. Rac1 b5 13. Bd3 Qb6 14. Nfg5 h6 15. Nxf7 Kxf7 16. Nd6+ Bxd6 17. exd6 Bb7 18. g4 Ncd4 19. Qd1 Nf3+ 20. Kg2 N5h4+ 21. Kg3 g5 22. Be5 Nxe5 0-1


[Site "https://www.chess.com"]

[Event "Titled Tuesday Blitz April 26 Late 2022"]
[White "Wieczorek, Oskar"]
[Black "Hirneise, Jens"]
[WhiteFideId "1133950"]
[BlackFideId "24614734"]
[WhiteElo "2319"]
[BlackElo "2359"]
[Result "1-0"]
[Round "06"]
[TimeControl "180+1"]
[Date "2022.04.26"]
[WhiteClock "0:00:16"]
[BlackClock "0:00:02"]

1. e4 e5 2. Nf3 Nf6 3. Nc3 Nc6 4. a3 Be7 5. d4 exd4 6. Nxd4 O-O 7. Nxc6 bxc6 8. e5 Ne8 9. Bd3 d5 10. Qh5 g6 11. Qh6 Ng7 12. O-O Bf5 13. Ne2 Bxd3 14. cxd3 Nf5 15. Qh3 Rb8 16. g4 Nh4 17. f4 c5 18. f5 Bg5 19. f6 h6 20. Bxg5 hxg5 21. Qe3 Re8 22. Qxg5 Qd7 23. Qh6 Qxg4+ 24. Ng3 Nf5 25. Rxf5 gxf5 26. Rf1 Qg6 27. Qf4 Rxb2 28. Kh1 Qh7 29. Nxf5 Kh8 30. Rg1 Rg8 31. Ng7 Qh3 32. e6 fxe6 33. f7 Rf8 34. Nxe6 Qxe6 35. Qh4+ Qh6 36. Qxh6# 1-0


[Site "https://www.chess.com"]

[Event "Titled Tuesday Blitz April 26 Late 2022"]
[White "Xu, Yi"]
[Black "Bortnyk, Olexandr"]
[WhiteFideId "8605564"]
[BlackFideId "14120828"]
[WhiteElo "2471"]
[BlackElo "2723"]
[Result "0-1"]
[Round "06"]
[TimeControl "180+1"]
[Date "2022.04.26"]
[WhiteClock "0:00:04"]
[BlackClock "0:00:04"]

1. e4 d6 2. d4 Nf6 3. Nc3 Nbd7 4. f4 e5 5. Nf3 exd4 6. Qxd4 c6 7. Be3 d5 8. e5 Bc5 9. Qd2 Bxe3 10. Qxe3 Ng4 11. Qd2 Qb6 12. O-O-O a5 13. Re1 a4 14. a3 Nc5 15. Nd4 Nh6 16. h3 Nf5 17. Nxf5 Bxf5 18. g4 Be4 19. Rh2 O-O 20. Bg2 Bxg2 21. Rxg2 Rad8 22. f5 Rfe8 23. Qf4 d4 24. Ne4 Qa5 25. Rd1 Nxe4 26. Qxe4 Rxe5 27. Qf4 Qd5 28. Rgd2 c5 29. Kb1 Qe4 30. Qf1 h6 31. f6 g5 32. Qc4 Qc6 33. c3 b5 34. Qf1 Re6 35. cxd4 Rxf6 36. Qe2 c4 37. d5 Qd6 38. Qe3 Rf4 39. Qc3 Qf6 40. Qxf6 Rxf6 41. d6 Rf3 42. Rd5 Rxh3 43. Rxb5 Rb3 44. Rc5 Rd3 45. Rxd3 cxd3 46. Rd5 f5 47. gxf5 Kf7 48. Rxd3 Kf6 49. Rd4 h5 50. Kc2 h4 51. Kd2 h3 52. Ke3 Kxf5 53. Kf3 Ke5 54. Rd1 Rxd6 55. Re1+ Kf5 56. Kg3 Rd3+ 57. Kh2 g4 58. Re8 Rd2+ 59. Kg3 Rg2+ 60. Kh4 h2 61. Rf8+ Kg6 62. Rf1 Rg1 0-1


[Site "https://www.chess.com"]